Match 34566790
Unlisted

Match 34566790
End
Vickers Machine Gun Team
Construct Section Command Post
Selects Heavy Armor Battlegroup
Infantry Section
Vickers Machine Gun Team
ML 3-inch Mortar Team
Construct Platoon Command Post
6-pounder Anti-tank Gun Team
Selects Rigorous Vehicle Training
CMP 15cwt Truck
Construct Company Command Post
Foot Guards Section
Foot Guards Section
Selects Crusader AA Medium Tank
Crusader AA Medium Tank
Foot Guards Section
Royal Engineer Section
Waki
matrix4x4
6walkman26
化成尊尼更获加
D3nzi
Siegfried Stöcker
0
0

Comments sign in to comment!

No comments posted yet!